 Dungeon Crawl Stone Soup version 0.29-a0-284-gf9362112df (webtiles) character file.

Game seed: 2467885608287478352

7246 lunkers the Geomancer (level 11, -5/72 HPs)
             Began as an Octopode Earth Elementalist on Mar 21, 2022.
             Was a Priest of Vehumet.
             Slain by a manticore (10 damage)
             ... on level 9 of the Dungeon.
             The game lasted 00:16:13 (9362 turns).

lunkers the Geomancer (Octopode Earth Elementalist) Turns: 9362, Time: 00:16:14

Health: -5/72      AC:  1    Str:  8    XL:     11   Next: 12%
Magic:  8/20       EV: 15    Int: 22    God:    Vehumet [***...]
Gold:   554        SH:  0    Dex: 12    Spells: 16/22 levels left

rFire   . . .      SeeInvis .   e - staff of earth
rCold   . . .      Faith    .   (no shield)
rNeg    + . .      Spirit   .   (helmet restricted)
rPois   .          Reflect  .   g - amulet of magic regeneration
rElec   .          Harm     .   h - ring of positive energy
rCorr   .          Rampage  .   n - ring of wizardry
Will    .....                   x - ring of flight
Stlth   +++.......              (no ring)
HPRegen 0.22/turn               (no ring)
MPRegen 0.57/turn               (no ring)
                                (no ring)
                                (no ring)

@: flying
A: almost no armour, amphibious, 8 rings, camouflage 1, gelatinous body 1,
(nimble swimmer 1), tentacles
a: Renounce Religion


You were on level 9 of the Dungeon.
You worshipped Vehumet.
Vehumet was most pleased with you.
You visited 1 branch of the dungeon, and saw 9 of its levels.

You collected 554 gold pieces.

Inventory:

Hand Weapons
 y - a +6 mace
Missiles
 a - 310 stones
Magical Staves
 e - a staff of earth (weapon)
Jewellery
 g - an amulet of magic regeneration (around mantle)
 h - a ring of positive energy (left tentacle)
 n - a ring of wizardry (right tentacle)
 x - a ring of flight (on tentacle)
Wands
 q - a wand of flame (11)
 t - a wand of iceblast (8)
 A - a wand of digging (8)
 C - a wand of paralysis (4)
Scrolls
 f - 3 scrolls of identify
 i - 4 scrolls of amnesia {unknown}
 l - 2 scrolls of fear
 p - a scroll of fog {unknown}
 r - a scroll of torment {unknown}
 s - a scroll of silence {unknown}
 u - a scroll of immolation {unknown}
 v - 3 scrolls of enchant armour {unknown}
Potions
 b - 2 potions of magic
 c - 4 potions of might
 d - 3 potions of ambrosia
 j - a potion of cancellation
 k - 4 potions of heal wounds
 m - 4 potions of mutation
 o - 3 potions of curing
 w - 2 potions of brilliance
 z - a potion of flight
 B - 2 potions of resistance {unknown}


   Skills:
 + Level 5.5 Fighting
 + Level 6.0 Dodging
 - Level 2.6 Stealth
 + Level 6.4 Spellcasting
 * Level 9.2 Conjurations
 - Level 1.0 Transmutations
 * Level 10.0 Earth Magic


You had 16 spell levels left.
You knew the following spells:

 Your Spells              Type           Power      Damage    Failure   Level
a - Stone Arrow           Conj/Erth      100%       3d13      1%          3
b - Passwall              Tmut/Erth      39%        N/A       1%          2
c - Sandblast             Erth           100%       2d20      1%          1

Your spell library contained the following spells:

 Spells                   Type           Power      Damage    Failure   Level
 Searing Ray              Conj           94%        2d7       1%          2
 Scorch                   Fire           14%        2d5       1%          2
 Flame Wave               Conj/Fire      27%        2d7       1%          4
 Apportation              Tloc           14%        N/A       3%          1
 Pain                     Necr           28%        1d5       3%          1
 Slow                     Hex            28%        N/A       3%          1
 Frozen Ramparts          Ice            14%        1d3       3%          3
 Petrify                  Tmut/Erth      47%        N/A       3%          4
 Iron Shot                Conj/Erth      32%        9d7       3%          6
 Lightning Bolt           Conj/Air       13%        1d27      4%          5
 Blink                    Tloc           14%        N/A       5%          2
 Confusing Touch          Hex            7%         N/A       11%         3
 Gell's Gravitas          Tloc           7%         N/A       11%         3
 Lesser Beckoning         Tloc           7%         N/A       11%         3
 Teleport Other           Tloc           7%         N/A       11%         3
 Vampiric Draining        Necr           7%         2d6       11%         3
 Ice Form                 Ice/Tmut       9%         N/A       26%         4
 Animate Dead             Necr           3%         N/A       32%         4
 Summon Ice Beast         Ice/Summ       7%         N/A       32%         4
 Blade Hands              Tmut           5%         N/A       52%         5
 Alistair's Intoxication  Tmut/Pois      6%         N/A       58%         5
 Agony                    Necr           7%         N/A       65%         5
 Excruciating Wounds      Necr           3%         N/A       65%         5
 Manifold Assault         Tloc           7%         N/A       65%         5
 Simulacrum               Ice/Necr       3%         N/A       99%         6
 Summon Cactus Giant      Summ           3%         N/A       99%         6
 Haunt                    Necr/Summ      3%         N/A       100%        7
 Storm Form               Tmut/Air       4%         N/A       100%        7
 Infestation              Necr           3%         N/A       100%        8
 Chain Lightning          Conj/Air       13%        3d18      100%        9
 Animate Armour           Summ/Erth      Unusable   N/A       N/A         4

Dungeon Overview and Level Annotations

Branches:
Dungeon (9/15)             Temple (0/1) D:5            Lair (0/6) D:8
    Orc: D:9-12

Altars:
Cheibriados
Elyvilon
Qazlal
Uskayaw
Vehumet
Wu Jian
Xom

Shops:
D:5 *(   D:6 ([

Annotations:
D:5 exclusion: statue


Innate Abilities, Weirdness & Mutations

You cannot wear most types of armour.
You are amphibious.
You can wear up to eight rings at the same time.
Your skin changes colour to match your surroundings (Stealth+).
Your rubbery body absorbs attacks. (AC +1, EV +1)
((You are camouflaged when in or above water. (Stealth+)))
You have tentacles for arms and can constrict up to eight enemies at once.


Message History

You feel a surge of power!
The stone arrow hits the manticore!
The manticore is severely wounded.
The manticore bites you!!
* * * LOW HITPOINT WARNING * * *
The manticore closely misses you. The manticore claws you.
* * * LOW HITPOINT WARNING * * *
Casting: Stone Arrow (safe; 1% risk of failure)
Confirm with . or Enter, or press ? or * to list all spells.
Aiming: Stone Arrow (safe; 1% risk of failure)
Press: ? - help, Shift-Dir - straight line, f/p - manticore
Aim: a manticore (severely wounded, 87% to hit)
You feel a surge of power!
The stone arrow hits the manticore!!
You kill the manticore!
Vehumet accepts your kill.
Your Dodging skill increases to level 6!
Your Earth Magic skill increases to level 10!
Unknown command.
Casting: Stone Arrow (safe; 1% risk of failure)
Confirm with . or Enter, or press ? or * to list all spells.
Aiming: Stone Arrow (safe; 1% risk of failure)
Press: ? - help, Shift-Dir - straight line, f - manticore
Aim: a manticore (87% to hit)
You feel a surge of power!
The stone arrow hits the manticore!!
The manticore is heavily wounded.
You carefully extract the barbed spikes from your body.
The manticore bites you!!
* * * LOW HITPOINT WARNING * * *
The manticore claws you.
* * * LOW HITPOINT WARNING * * *
The manticore claws you!
* * * LOW HITPOINT WARNING * * *
Casting: Stone Arrow (safe; 1% risk of failure)
Confirm with . or Enter, or press ? or * to list all spells.
Aiming: Stone Arrow (safe; 1% risk of failure)
Press: ? - help, Shift-Dir - straight line, f/p - manticore
Aim: a manticore (heavily wounded, 87% to hit)
You feel a surge of power!
The stone arrow hits the manticore!!
The manticore is almost dead.
The manticore closely misses you. The manticore claws you!
You die...

..# #.# #.................#.#
..# #.# #.................#..
..# #.# #.................###
..# #.#######'##..............
..# #...# #..'............##
..######...########).).........#
......##....##...)...).).......#
......'......#.###.#.##........#
......####....Y#@#....#....#####
......# #..####H####.#....#
......# #..#.^#.#^.#......#
......# ##.##^#†#^##..#####
......# #.#.^#.#^.#..#
......#####.##^#.#^##..#
##........#.#.^#.#^.#..#
#........+.####'####..#
#........#...........## ###


You could see a manticore and a yak.

Vanquished Creatures
  A cyclops (D:7)
  A manticore (D:9)
  Maggie (D:8)
  Psyche (D:8)
  A kobold demonologist (D:9)
  A troll (D:9)
  3 hornets
  A slime creature (D:9)
  6 yaks (D:9)
  3 wyverns
  4 water moccasins
  Duvessa (D:5)
  2 black bears
  An ice beast (D:7)
  An orc warrior (D:9)
  A sky beast (D:6)
  2 ogres
  A centaur (D:6)
  2 phantoms
  2 kobold brigands
  3 necrophages
  3 scorpions
  3 wights
  Dowan (D:5)
  5 howler monkeys
  6 hounds
  4 orc priests
  2 jellies
  2 gnoll shamans
  6 iguanas
  9 orc wizards
  10 gnolls
  6 adders
  2 shadow imps (D:7)
  2 white imps (D:7)
  3 ufetubi
  A worm (D:4)
  6 dart slugs
  29 orcs
  4 bats
  5 endoplasms
  5 giant cockroaches
  7 goblins
  4 hobgoblins
  7 jackals (D:3)
  31 kobolds
  A quokka (D:1)
  4 ball pythons
  3 frilled lizards
  4 rats
214 creatures vanquished.

Vanquished Creatures (others)
  46 plants (D:4)
46 creatures vanquished.

Grand Total: 260 creatures vanquished

Notes
Turn   | Place    | Note
-------+----------+-------------------------------------------
     0 | D:1      | lunkers the Octopode Earth Elementalist began the quest for
                  | the Orb.
     0 | D:1      | Reached XP level 1. HP: 11/11 MP: 3/3
   111 | D:1      | Reached XP level 2. HP: 17/17 MP: 0/5
   631 | D:1      | Reached XP level 3. HP: 20/21 MP: 4/6
   634 | D:1      | Learned a level 2 spell: Passwall
   638 | D:1      | Learned a level 3 spell: Stone Arrow
  1506 | D:2      | Reached skill level 4 in Earth Magic
  1555 | D:2      | Found a faded altar of an unknown god.
  1564 | D:2      | Reached skill level 1 in Conjurations
  1739 | D:2      | Reached XP level 4. HP: 23/27 MP: 7/7
  2847 | D:3      | Found a hide-covered altar of Uskayaw.
  3032 | D:3      | Reached XP level 5. HP: 30/31 MP: 5/9
  3324 | D:3      | Noticed a phantom
  3327 | D:3      | Killed a phantom
  3328 | D:3      | Reached XP level 6. HP: 36/36 MP: 1/10
  3614 | D:4      | Reached skill level 5 in Earth Magic
  4259 | D:4      | Reached XP level 7. HP: 35/41 MP: 6/12
  5462 | D:5      | Entered Level 5 of the Dungeon
  5462 | D:5      | Found Luqihoh's Antique Weapon Shoppe.
  5530 | D:5      | Found a radiant altar of Vehumet.
  5536 | D:5      | Became a worshipper of Vehumet
  5557 | D:5      | Found a staircase to the Ecumenical Temple.
  5615 | D:5      | Reached skill level 6 in Earth Magic
  5739 | D:5      | Reached skill level 1 in Fighting
  5784 | D:5      | Noticed Dowan
  5786 | D:5      | Noticed Duvessa
  5789 | D:5      | Reached XP level 8. HP: 40/48 MP: 9/14
  5791 | D:5      | Killed Duvessa
  5792 | D:5      | Reached skill level 5 in Conjurations
  5798 | D:5      | Killed Dowan
  5890 | D:5      | Found Qideur's Assorted Antiques.
  5952 | D:5      | Found a snail-covered altar of Cheibriados.
  6354 | D:5      | Found a white marble altar of Elyvilon.
  6355 | D:5      | Found an ornate altar of the Wu Jian Council.
  6355 | D:5      | Found a shimmering altar of Xom.
  6440 | D:6      | Reached * piety under Vehumet
  6440 | D:6      | Offered knowledge of Freeze by Vehumet.
  6473 | D:6      | Found Seikaagi's Antique Weapon Emporium.
  6473 | D:6      | Found Rioghabb's Armour Shop.
  6488 | D:6      | Reached skill level 7 in Earth Magic
  6707 | D:6      | Reached XP level 9. HP: 55/55 MP: 13/15
  7201 | D:7      | Noticed a cyclops
  7206 | D:7      | Killed a cyclops
  7207 | D:7      | Reached skill level 5 in Spellcasting
  7207 | D:7      | Reached skill level 8 in Earth Magic
  7437 | D:7      | Found a stormy altar of Qazlal.
  7572 | D:7      | Offered knowledge of Static Discharge by Vehumet.
  7659 | D:7      | Reached ** piety under Vehumet
  7792 | D:8      | Noticed Maggie
  7798 | D:8      | Killed Maggie
  7799 | D:8      | Reached XP level 10. HP: 63/63 MP: 7/18
  7830 | D:8      | Noticed Psyche
  7844 | D:8      | Killed Psyche
  7845 | D:8      | Reached skill level 5 in Dodging
  7944 | D:8      | Got the Reference Book on the Frigorific Birds
  7978 | D:8      | Found a staircase to the Lair.
  7998 | D:8      | Identified the +5 scale mail "Adiec" {Str+2}
  8168 | D:8      | Reached skill level 9 in Earth Magic
  8680 | D:9      | Noticed a kobold demonologist
  8683 | D:9      | Killed a kobold demonologist
  8701 | D:9      | Offered knowledge of Searing Ray by Vehumet.
  8702 | D:9      | Reached skill level 5 in Fighting
  8992 | D:9      | Reached XP level 11. HP: 72/72 MP: 12/20
  9316 | D:9      | Noticed a manticore
  9317 | D:9      | Noticed a manticore
  9330 | D:9      | Reached *** piety under Vehumet
  9360 | D:9      | Killed a manticore
  9361 | D:9      | Reached skill level 10 in Earth Magic
  9362 | D:9      | Slain by a manticore

Illustrated notes

Levels and vault maps discovered:
D:1:      minmay_arrival_hallway, layout_loops_ring, serial_bayou_pond_a,
          minmay_liquid_box
D:2:      layout_basic, nicolae_ecumenical_pavilion
D:3:      layout_loops_ring, nicolae_uskayaw_dance_hall
D:4:      kennysheep_kobold_camp, layout_basic
D:5:      layout_loops_ring, vehumet_statue, kennysheep_slug_shrine,
          chequers_temple_overflow_statue_of_worship, minmay_temple_entry_mist,
          serial_shops, shop_fountains, minmay_door_square,
          nicolae_stop_n_shop_1, uniq_duvessa
D:6:      layout_loops_cross, nrook_campfire, minmay_tree_intersection,
          nicolae_wooded_promenade
D:7:      layout_basic, grunt_qazlal_sundering, st_stairs_4
D:8:      layout_rooms, lair_entry_dummy, uniq_psyche, uniq_maggie
D:9:      layout_basic, grunt_tough_drop

Skill      XL: |  1  2  3  4  5  6  7  8  9 10 11 |
---------------+----------------------------------+-----
Earth Magic    | 4 5 6 7 8 9 10 | 10.0
Conjurations   | 1 2 3 4 6 7 8 9 |  9.2
Spellcasting   | 3 4 5 6 |  6.4
Fighting       | 1 2 4 5 |  5.5
Dodging        | 3 4 5 6 |  6.0
Stealth        | |  2.6
Transmutations | |  1.0

Action                   |  1- 3 |  4- 6 |  7- 9 | 10-12 || total
-------------------------+-------+-------+-------+-------++-------
Melee: Staff             |    34 |    31 |    10 |    14 ||    89
       Constrict         |    10 |     6 |     2 |       ||    18
       Tentacles         |     8 |     5 |     6 |     2 ||    21
       Punch             |       |     1 |       |     1 ||     2
 Cast: Sandblast         |    26 |     8 |     5 |       ||    39
       Stone Arrow       |       |    47 |   125 |    84 ||   256
  Use: Scroll            |     5 |     3 |     3 |     1 ||    12
 Stab: Sleeping          |     4 |       |       |       ||     4
Armor: Skin              |     1 |     7 |       |     1 ||     9
Dodge: Dodged            |    20 |    49 |    35 |    15 ||   119

Table legend: (Time is in decaauts)
 A = Elapsed time spent in this place.
 B = Non-inter-level travel time spent in this place.
 C = Inter-level travel time spent in this place.
 D = Time resting spent in this place.
 E = Time spent auto-exploring this place.
 F = Levels seen in this place.
 G = Mean time per level.
                   A        B        C        D        E       F      G
               +--------+--------+--------+--------+--------+-----+--------+
         Total |   9387 |   9169 |    218 |   1115 |   6739 |   9 | 1043.0 |
       Dungeon |   9387 |   9169 |    218 |   1115 |   6739 |   9 | 1043.0 |
               +--------+--------+--------+--------+--------+-----+--------+

Top non-repeatable levels by time:
     D:2: 1732 daAuts
     D:4: 1413 daAuts
     D:3: 1255 daAuts
     D:1: 1081 daAuts
     D:9: 1069 daAuts
     D:5: 963 daAuts
     D:7: 691 daAuts
     D:6: 638 daAuts
     D:8: 542 daAuts
